 Dungeon Crawl Stone Soup version 0.30-a0-575-g6f4a10e2d2 (webtiles) character file.

Game seed: 17992476244831516449

303 Granthy the Chopper (level 6, -7/56 HPs)
             Began as a Minotaur Fighter on Dec 30, 2022.
             Blown up by Ijyb (17 damage)
             ... with a mindburst bolt
             ... on level 3 of the Dungeon.
             The game lasted 00:03:08 (1862 turns).

Granthy the Chopper (Minotaur Fighter)              Turns: 1862, Time: 00:03:09

Health: -7/56      AC: 10    Str: 22    XL:     6   Next: 15%
Magic:  5/5        EV:  9    Int:  5    God:
Gold:   239        SH:  4    Dex: 10    Spells: 5/5 levels left

rFire   . . .      SeeInvis .    a - +0 war axe
rCold   . . .      Faith    .    c - +0 buckler
rNeg    . . .      Spirit   .    b - +0 scale mail
rPois   .          Reflect  .    (helmet restricted)
rElec   .          Harm     .    (no cloak)
rCorr   .          Rampage  .    g - +2 pair of gloves
Will    .....                    (no boots) Stlth
                                 (no amulet)
HPRegen 0.29/turn                (no ring)
MPRegen 0.09/turn                (no ring)

@: no status effects
A: horns 2, retaliatory headbutt
a: no special abilities


You were on level 3 of the Dungeon.
You visited 1 branch of the dungeon, and saw 3 of its levels.

You collected 239 gold pieces.

Inventory:

Hand Weapons
 a - a +0 war axe (weapon)
Armour
 b - a +0 scale mail (worn)
 c - a +0 buckler (worn)
 f - a +0 pair of gloves
 g - a +2 pair of gloves (worn)
Jewellery
 e - an amulet of guardian spirit
 p - the ring "Wutropta" {Fly rF+ rN+}
   (You found it on level 2 of the Dungeon)

   [ring of flight]

   rF:        It protects you from fire.
   rN:        It protects you from negative energy.
   Fly:       It grants you flight.
Scrolls
 j - a scroll of identify {unknown}
 m - a scroll of brand weapon {unknown}
 o - 2 scrolls of enchant weapon {unknown}
 r - 2 scrolls of teleportation {unknown}
Potions
 d - 3 potions of might
 h - 2 potions of degeneration {unknown}
 i - a potion of haste {unknown}
 k - a potion of brilliance {unknown}
 l - a potion of flight {unknown}
 n - a potion of invisibility {unknown}
 q - a potion of magic {unknown}
 s - a potion of heal wounds {unknown}


   Skills:
 + Level 5.4 Fighting
 + Level 6.5 Axes
 - Level 3.6 Armour
 + Level 0.9 Stealth
 - Level 3.7 Shields


You had 5 spell levels left.
You didn't know any spells.
Your spell library contained the following spells:

 Spells                   Type           Power      Damage    Failure   Level
 Necrotise                Necr           0%         1d4       88%         1
 Inner Flame              Hex/Fire       0%         N/A       99%         3
 Vampiric Draining        Necr           0%         2d6       99%         3
 Flame Wave               Conj/Fire      0%         2d4       100%        4
 Sticky Flame             Conj/Fire      0%         2d3       100%        4
 Agony                    Necr           0%         N/A       100%        5


Dungeon Overview and Level Annotations

Branches:
Dungeon (3/15)

Altars:

Annotations:
D:3 Ijyb


Innate Abilities, Weirdness & Mutations

You have a pair of horns on your head.
You reflexively headbutt those who attack you in melee.


Message History

You kill the bat!
The hound stops to sniff the ground.
The hound bites you but does no damage. The hound bites you.
You closely miss the hound. You headbutt the hound.
The hound is moderately wounded.
The hound closely misses you. You furiously retaliate!
You headbutt the hound. The hound barely misses you. You furiously retaliate!
You headbutt the hound!
You kill the hound!
You have reached level 6!
You now have 227 gold pieces (gained 10).
You see here a rat corpse.
s - an orange potion You now have 239 gold pieces (gained 12).
Jessica the Apprentice Sorceress comes into view.
She is wielding a +0 club.
Found a stone staircase leading up.
Jessica shouts!
Jessica is nearby!
You hit Jessica.
Jessica is heavily wounded.
Jessica completely misses you. You furiously retaliate!
You headbutt Jessica!
You kill Jessica!
Ijyb the Twisted Goblin comes into view.
She is wielding a +0 club and carrying a wand of mindburst (13).
Found a scroll labelled HOPYJ RUOGGYRR.
Found a stone staircase leading down.
Ijyb shouts!
Things that are here:
a +0 club; a +0 robe; the human corpse of Jessica Ijyb zaps a wand.
Your mind is blasted!
Ijyb is nearby!
You barely miss Ijyb.
Ijyb zaps a wand.
Your mind is blasted!
You hit Ijyb.
Ijyb is lightly wounded.
Ijyb zaps a wand.
Your mind is blasted!
* * * LOW HITPOINT WARNING * * *
You hit Ijyb but do no damage. Your headbutt misses Ijyb.
Ijyb is lightly wounded.
Ijyb hits you but does no damage.
You slash Ijyb!
Ijyb is severely wounded.
Ijyb zaps a wand.
Your mind is blasted!
You die...

...# #.....#
#.....##.###.#.#.#
#..###.....#####.###.##
#...#.#
#.......##........#..#####..#
#
#.##.##.########..............
..#...#.# ###..##.#####..###
......#.# #..............#
###...#.# #.#..##.####...# ..
...#.######.#..#).# . ### #.#.
....?.g@...## # .#
#####.#..#.# # # # #...... #
..<##..... . #.####.####.. #.
#.. . # ##>. ...


You could see Ijyb.

Vanquished Creatures
  A hound (D:3)
  Jessica (D:3)
  Natasha (thrice) (D:2)
  Terence (D:2)
  Robin (D:2)
  4 gnolls (D:2)
  5 adders
  A dart slug (D:1)
  2 endoplasms
  A giant cockroach (D:3)
  14 goblins
  4 hobgoblins
  4 jackals
  6 ball pythons
  3 bats
  4 frilled lizards
  4 kobolds
  2 rats
  2 toadstools (D:3)
63 creatures vanquished.

Vanquished Creatures (others)
  9 fungi (D:3)
  A toadstool (D:3)
10 creatures vanquished.

Grand Total: 73 creatures vanquished

Notes
Turn   | Place    | Note
-------+----------+-------------------------------------------
     0 | D:1      | Granthy the Minotaur Fighter began the quest for the Orb.
     0 | D:1      | Reached XP level 1. HP: 19/19 MP: 0/0
   235 | D:1      | Reached XP level 2. HP: 24/27 MP: 1/1
   385 | D:1      | Reached skill level 3 in Axes
   848 | D:2      | Reached XP level 3. HP: 34/34 MP: 2/2
   937 | D:2      | Reached skill level 4 in Axes
   939 | D:2      | Reached XP level 4. HP: 24/41 MP: 3/3
   963 | D:2      | Noticed Natasha
   971 | D:2      | Killed Natasha
   988 | D:2      | Noticed Robin
   995 | D:2      | Reached skill level 5 in Fighting
  1001 | D:2      | Reached skill level 5 in Axes
  1001 | D:2      | Killed Robin
  1002 | D:2      | Reached XP level 5. HP: 8/48 MP: 4/4
  1288 | D:2      | Identified the ring "Wutropta" {Fly rF+ rN+}
  1377 | D:2      | Noticed Terence
  1386 | D:2      | Killed Terence
  1434 | D:2      | Found a faded altar of an unknown god.
  1457 | D:2      | Noticed Natasha
  1477 | D:2      | Killed Natasha
  1506 | D:2      | Noticed Natasha
  1516 | D:2      | Killed Natasha
  1620 | D:3      | Reached skill level 6 in Axes
  1835 | D:3      | Reached XP level 6. HP: 55/56 MP: 5/5
  1852 | D:3      | Noticed Jessica
  1854 | D:3      | Killed Jessica
  1855 | D:3      | Noticed Ijyb
  1862 | D:3      | Blown up by Ijyb

Illustrated notes

Levels and vault maps discovered:
D:1:      nzn_arrival_crosshair, layout_basic, minmay_domino_4
D:2:      layout_rooms, chequers_ecumenical_altar_twisty, uniq_robin,
          uniq_natasha, uniq_terence
D:3:      layout_loops_ring, old_standard_altar, kennysheep_cross_bottleneck,
          minmay_gold_behind_fungi, uniq_crazy_yiuf_cottage, uniq_jessica,
          uniq_ijyb

Skill      XL: |  1  2  3  4  5 |
---------------+----------------+-----
Fighting       | 4 5 |  5.4
Axes           | 3 4 5 6 |  6.5
Armour         | |  3.6
Stealth        | |  0.9
Shields        | |  3.7

Action                   |  1- 3 |  4- 6 || total
-------------------------+-------+-------++-------
Melee: War axe           |    60 |    67 ||   127
       Headbutt          |     8 |    12 ||    20
  Use: Potion            |       |     1 ||     1
Armor: Scale mail        |    54 |    31 ||    85
Dodge: Dodged            |    44 |    42 ||    86
Block: Buckler           |    20 |    14 ||    34

Table legend: (Time is in decaauts)
 A = Elapsed time spent in this place.
 B = Non-inter-level travel time spent in this place.
 C = Inter-level travel time spent in this place.
 D = Time resting spent in this place.
 E = Time spent auto-exploring this place.
 F = Levels seen in this place.
 G = Mean time per level.
                   A        B        C        D        E       F      G
               +--------+--------+--------+--------+--------+-----+--------+
         Total |   1901 |   1878 |     23 |    149 |   1258 |   3 |  633.7 |
       Dungeon |   1901 |   1878 |     23 |    149 |   1258 |   3 |  633.7 |
               +--------+--------+--------+--------+--------+-----+--------+

Top non-repeatable levels by time:
     D:1: 844 daAuts
     D:2: 791 daAuts
     D:3: 265 daAuts
